 Dungeon Crawl Stone Soup version 0.29-a0-231-g945431f764 (webtiles) character file.

Game seed: 600048655234620949

1588 CryoSword the Fighter (level 8, -7/92 HPs)
             Began as an Ogre Berserker on Mar 1, 2022.
             Was a Priest of Trog.
             Shot with an arrow by a centaur (8 damage)
             ... on level 5 of the Dungeon.
             The game lasted 00:16:06 (6218 turns).

CryoSword the Fighter (Ogre Berserker)              Turns: 6218, Time: 00:16:06

Health: -7/92      AC:  3    Str: 30    XL:     8   Next: 92%
Magic:  8/8        EV: 10    Int: 11    God:    Trog [***...]
Gold:   222        SH:  0    Dex:  8    Spells: 7/7 levels left

rFire   + . .      SeeInvis +   l - +5 quarterstaff of Awkwardness {spect, rF+ Int+3 SInv}
rCold   . . .      Faith    .   (shield currently unavailable)
rNeg    . . .      Spirit   .   b - +0 animal skin
rPois   .          Reflect  .   (helmet restricted)
rElec   .          Harm     .   (no cloak)
rCorr   .          Rampage  .   (gloves unavailable)
Will    .....                   (boots unavailable)
Stlth   +.........              (no amulet)
HPRegen 0.25/turn               c - +6 ring of strength
MPRegen 0.11/turn               (no ring)

@: invisible
A: large, unfitting armour, tough skin 1
a: Renounce Religion, Berserk, Trog's Hand


You were on level 5 of the Dungeon.
You worshipped Trog.
Trog was most pleased with you.
You visited 1 branch of the dungeon, and saw 5 of its levels.
You also visited: Sewer.

You collected 222 gold pieces.

Inventory:

Hand Weapons
 l - the +5 quarterstaff of Awkwardness (weapon) {spect, rF+ Int+3 SInv}
   (You found it on level 2 of the Dungeon)

   When its wielder attacks, the weapon's spirit leaps out and strikes again.
   The spirit shares a part of any damage it takes with its wielder.
   Int:       It affects your intelligence (+3).
   rF:        It protects you from fire.
   SInv:      It lets you see invisible.
 o - a +0 giant spiked club
   (You took it off an ogre on level 4 of the Dungeon)
 y - a +0 flail
   (You took it off a gnoll on level 4 of the Dungeon)
Missiles
 g - 2 curare-tipped darts (quivered)
 m - 8 poisoned darts
 u - a boomerang
Armour
 b - a +0 animal skin (worn)
Jewellery
 c - a +6 ring of strength (left hand)
   (You found it on level 2 of the Dungeon)
 w - an amulet of reflection
   (You found it on level 5 of the Dungeon)
 z - an amulet of magic regeneration
   (You found it on level 5 of the Dungeon)
Scrolls
 d - a scroll of blinking {unknown}
 h - a scroll of magic mapping {unknown}
 j - a scroll of amnesia {unknown}
 n - 4 scrolls of teleportation {@r4}
 v - a scroll of enchant armour {unknown}
 x - a scroll of brand weapon {unknown}
 A - a scroll of vulnerability {unknown}
Potions
 a - a potion of mutation {unknown}
 e - 2 potions of brilliance {unknown}
 i - a potion of might {unknown}
 k - a potion of resistance {unknown}
 p - a potion of attraction {unknown}
 q - a potion of haste {unknown}
 r - a potion of flight {unknown}
 s - a potion of cancellation {unknown}
 t - a potion of curing {unknown}


   Skills:
 + Level 9.0 Fighting
 * Level 8.6 Maces & Flails
 + Level 0.6 Armour
 + Level 2.9 Dodging


You had 7 spell levels left.
You didn't know any spells.
Your spell library was empty.

Dungeon Overview and Level Annotations

Branches:
Dungeon (5/15)             Temple (0/1) D:5           Sewer (visited)

Altars:
Makhleb
Sif Muna
Uskayaw
Vehumet
Wu Jian
Xom

Annotations:
D:4 1 runed translucent door, bgiannan's ghost, novice GrFi


Innate Abilities, Weirdness & Mutations

You are too large for most types of armour.
You have tough skin. (AC +1)


Message History

Your +5 quarterstaff of Awkwardness {spect, rF+ Int+3 SInv} hits the troll!!
You sock the troll!
Your +5 quarterstaff of Awkwardness {spect, rF+ Int+3 SInv} hits the troll!
You kill the troll!
Trog accepts your kill.
Your Maces & Flails skill increases to level 8!
You swap places.
You feel a strong urge to attack something.
There is a stone staircase leading up here.
You are no longer berserk.
You are exhausted.
You feel yourself slow down.
You climb upwards.
Level annotation: 1 runed translucent door, bgiannan's ghost, novice GrFi
There is a stone staircase leading down here.
You start waiting.
You feel the effects of Trog's Hand fading.
You start waiting.
Your skin stops crawling.
You feel less strong-willed.
You start waiting.
You feel yourself speed up.
You climb downwards.
There is a stone staircase leading up here.
The gnoll shouts!
The gnoll completely misses you.
You closely miss the gnoll.
Your +5 quarterstaff of Awkwardness {spect, rF+ Int+3 SInv} hits the gnoll!
The gnoll closely misses you.
You barely miss the gnoll.
Your +5 quarterstaff of Awkwardness {spect, rF+ Int+3 SInv} hits the gnoll.
You kill the gnoll!
Trog accepts your kill.
You swap places.
Things that are here:
a +0 club; a gnoll corpse You recover from your berserk rage.
The gnoll closely misses you.
You closely miss the gnoll.
Your +5 quarterstaff of Awkwardness {spect, rF+ Int+3 SInv} hits the gnoll!
The gnoll hits you with a +0 spear!
You hit the gnoll but do no damage.
Your +5 quarterstaff of Awkwardness {spect, rF+ Int+3 SInv} hits the gnoll!!
You kill the gnoll!
Trog accepts your kill.
No target in view!
Things that are here:
a +0 spear; a gnoll corpse
Found a buckler.
z - an amulet of magic regeneration A centaur comes into view.
A centaur is nearby!
A centaur is nearby!
Found a leather armour.
The centaur shouts!
The centaur wields a +0 shortbow.
The centaur shoots an arrow.
The arrow hits you!
The centaur shoots an arrow.
The arrow barely misses you.
The centaur shoots an arrow.
The arrow barely misses you.
The centaur shoots an arrow.
The arrow hits you.
The centaur shoots an arrow.
The arrow hits you!
You are too injured to fight recklessly!
You are too injured to fight recklessly!
The centaur shoots an arrow.
The arrow barely misses you.
The centaur unwields a +0 shortbow.
The centaur hits you. The centaur barely misses you.
You sock the centaur!
Your +5 quarterstaff of Awkwardness {spect, rF+ Int+3 SInv} hits the centaur!
You kill the centaur!
Trog accepts your kill.
You start resting.
You see here a +0 shortbow.
Found a ring mail.
A - a scroll labelled SIVIEC KETTEWI You see here a +0 ring mail.
You see here a +0 shortbow.
The adder hisses angrily.
An adder is nearby!
You see here a +0 buckler.
You thump the adder!
You kill the adder!
Trog accepts your kill.
No target in view!
A howler monkey comes into view.
The howler monkey howls!
You hear an angry growl.
The howler monkey moves out of view.
A black bear comes into view.
There are monsters nearby!
There are monsters nearby!
The howler monkey hoots and howls with incredible vigour!
You hear a shout! x7
Found a club.
The howler monkey hits you. The howler monkey barely misses you.
You barely miss the howler monkey.
Your +5 quarterstaff of Awkwardness {spect, rF+ Int+3 SInv} hits the howler monkey!
The howler monkey barely misses you.
You sock the howler monkey!
You kill the howler monkey!
Trog accepts your kill.
You sock the black bear!
Your +5 quarterstaff of Awkwardness {spect, rF+ Int+3 SInv} barely misses the black bear.
The black bear bites you! The black bear claws you. x2
You hit the black bear.
Your +5 quarterstaff of Awkwardness {spect, rF+ Int+3 SInv} hits the black bear!
The black bear bites you. The black bear closely misses you.
The black bear barely misses you.
You barely miss the black bear.
Your +5 quarterstaff of Awkwardness {spect, rF+ Int+3 SInv} hits the black bear!
You kill the black bear!
Trog accepts your kill.
Your Fighting skill increases to level 9!
No target in view!
An orc comes into view. It is wielding a +0 flail.
An orc is nearby!
An orc warrior comes into view. It is wielding a +0 glaive.
Found a scroll of teleportation.
Found a staircase to the Ecumenical Temple.
The centaur shouts!
The gnoll shouts!
The centaur shoots an arrow.
The arrow closely misses you.
The centaur shoots an arrow.
The arrow hits you.
The centaur shoots an arrow.
The arrow hits you!
You hear a shout!
The orc drinks a potion.
The orc flickers and vanishes for a moment.
The centaur shoots an arrow.
The arrow hits you!
* * * LOW HITPOINT WARNING * * *
x2 You hear a shout!
Your skin crawls.
You feel strong-willed.
You can no longer call in reinforcements.
You feel the effects of Trog's Hand fading.
The centaur shoots an arrow.
The arrow hits you!
* * * LOW HITPOINT WARNING * * *
x2
As you read the scroll of teleportation {@r4}, it crumbles to dust.
You feel strangely unstable.
The centaur shoots an arrow.
The arrow hits you.
* * * LOW HITPOINT WARNING * * *
x2 The centaur shoots an arrow.
The arrow hits you!
* * * LOW HITPOINT WARNING * * *
x2 The centaur shoots an arrow.
The arrow misses you.
Your surroundings seem slightly different.
The gnoll sergeant shouts!
You fade into invisibility!
Your skin stops crawling.
You feel less strong-willed.
You flicker for a moment.
You flicker back into view.
The centaur shoots an arrow.
The arrow hits you!
* * * LOW HITPOINT WARNING * * *
x2 Unknown command.
You fade into invisibility!
The centaur shoots an arrow.
The arrow barely misses you.
The centaur shoots an arrow.
The arrow hits you!
You die...

#.## ##..## #....# ##########
##...# ### ####.##...#.##
##..##### ..#
##....##....).####...#...#
..####........###.............##
.[...#.........#........##..#..#
.[.#............@.#...<..#.##..##
...####.........######......#...#
....#####...gc#..## #...##...##
.#...#####).......####.#.......##
.##..##......#.....##.####.##...#
###..#.......##............##...#
#..........g.#.................#
##........c..##......#..##......
###..###.....###..)..#...........


You could see a gnoll sergeant and a centaur.

Vanquished Creatures
  A troll (D:5)
  A black bear (D:5)
  An ogre (D:4)
  A phantom (D:5)
  A centaur (D:5)
  A kobold brigand (Sewer)
  A necrophage (D:4)
  2 scorpions (D:5)
  A howler monkey (D:5)
  A hound (D:4)
  2 orc priests
  4 jellies
  A gnoll shaman (D:5)
  Jessica (D:2)
  An iguana (D:5)
  2 orc wizards
  15 adders
  11 gnolls
  4 river rats (Sewer)
  A white imp (D:5)
  An ufetubus (D:5)
  A worm (D:4)
  3 dart slugs
  14 orcs
  9 ball pythons
  5 bats
  9 endoplasms
  7 giant cockroaches
  6 goblins
  11 hobgoblins
  7 jackals
  7 quokkas
  5 frilled lizards
  4 kobolds
  13 rats
155 creatures vanquished.

Vanquished Creatures (others)
  2 plants (Sewer)
2 creatures vanquished.

Grand Total: 157 creatures vanquished

Notes
Turn   | Place    | Note
-------+----------+-------------------------------------------
     0 | D:1      | CryoSword the Ogre Berserker began the quest for the Orb.
     0 | D:1      | Reached XP level 1. HP: 24/24 MP: 1/1
   108 | D:1      | Reached XP level 2. HP: 25/32 MP: 2/2
   601 | D:1      | Reached XP level 3. HP: 39/40 MP: 3/3
   743 | D:1      | Found a faded altar of an unknown god.
  1232 | D:2      | Noticed Jessica
  1243 | D:2      | Killed Jessica
  1244 | D:2      | Reached XP level 4. HP: 49/49 MP: 4/4
  1311 | D:2      | Reached skill level 5 in Fighting
  1935 | D:2      | Identified the +5 quarterstaff of Awkwardness {spect, rF+
                  | Int+3 SInv}
  1992 | D:2      | Reached XP level 5. HP: 56/57 MP: 5/5
  2204 | D:2      | Reached ** piety under Trog
  2513 | D:3      | Found a large runed translucent door.
  2521 | D:3      | Found a large runed translucent door.
  2715 | D:3      | Reached skill level 5 in Maces & Flails
  3188 | D:3      | Reached XP level 6. HP: 67/67 MP: 6/6
  3190 | D:3      | Reached skill level 6 in Fighting
  3307 | D:3      | Found a shimmering altar of Xom.
  3315 | D:3      | Found a radiant altar of Vehumet.
  3476 | D:4      | Found a glowing drain.
  3493 | Sewer    | Entered a sewer
  3589 | Sewer    | Reached *** piety under Trog
  3625 | Sewer    | Reached XP level 7. HP: 69/76 MP: 7/7
  4416 | D:4      | Found a runed translucent door.
  4418 | D:4      | Noticed bgiannan's ghost (novice GrFi)
  4460 | D:4      | Reached skill level 7 in Fighting
  4887 | D:5      | Entered Level 5 of the Dungeon
  4887 | D:5      | Found a burning altar of Makhleb.
  4965 | D:5      | Reached XP level 8. HP: 72/88 MP: 8/8
  5097 | D:5      | Reached **** piety under Trog
  5102 | D:5      | Found an ornate altar of the Wu Jian Council.
  5142 | D:5      | Found a hide-covered altar of Uskayaw.
  5152 | D:5      | Found a shimmering blue altar of Sif Muna.
  5202 | D:5      | Reached skill level 8 in Fighting
  5330 | D:5      | Noticed a troll
  5864 | D:5      | Killed a troll
  6180 | D:5      | Reached skill level 9 in Fighting
  6185 | D:5      | Found a staircase to the Ecumenical Temple.
  6217 | D:5      | HP: 1/92 [centaur/arrow (4)]
  6218 | D:5      | Shot with an arrow by a centaur

Illustrated notes

Levels and vault maps discovered:
D:1:      dpeg_arrival_boxes_within_box, layout_basic,
          shapermc_ecumenical_altar_mp_urbaneastern
D:2:      layout_loops_ring, minmay_liquid_box, uniq_jessica
D:3:      layout_rooms, jmf_multi_god_temple2, grunt_decor_cap
D:4:      layout_rooms, portal_sewer_entry_a, ebering_ghost_reflecting_pool,
          kennysheep_path_1
D:5:      cheibrodos_barr_body, layout_cave_pools, general_overflow_altar,
          lemuel_crystal_altar, bloody_makhleb, nicolae_sif_muna_little_library,
          minmay_temple_entry_butterflies

Skill      XL: |  1  2  3  4  5  6  7  8 |
---------------+-------------------------+-----
Maces & Flails | 3 4 5 7 8 |  8.6
Fighting       | 5 6 7 9 |  9.0
Armour         | |  0.6
Dodging        | |  2.9

Action                   |  1- 3 |  4- 6 |  7- 9 || total
-------------------------+-------+-------+-------++-------
Melee: Mace              |    18 |    13 |       ||    31
       Dagger            |   114 |    27 |       ||   141
       Punch             |     1 |       |       ||     1
       Quarterstaff      |       |    90 |    96 ||   186
Invok: Berserk           |     2 |     5 |     2 ||     9
       Trog's Hand       |       |     1 |     3 ||     4
  Use: Scroll            |       |     3 |     1 ||     4
       Potion            |       |       |     2 ||     2
Armor: Animal skin       |    45 |    26 |    14 ||    85
Dodge: Dodged            |    82 |    52 |    47 ||   181

Table legend: (Time is in decaauts)
 A = Elapsed time spent in this place.
 B = Non-inter-level travel time spent in this place.
 C = Inter-level travel time spent in this place.
 D = Time resting spent in this place.
 E = Time spent auto-exploring this place.
 F = Levels seen in this place.
 G = Mean time per level.
                   A        B        C        D        E       F      G
               +--------+--------+--------+--------+--------+-----+--------+
         Total |   6487 |   6367 |    120 |   1291 |   3652 |   6 | 1081.2 |
       Dungeon |   5471 |   5351 |    120 |   1224 |   2919 |   5 | 1094.2 |
         Sewer |   1016 |   1016 |      0 |     67 |    733 |   1 | 1016.0 |
               +--------+--------+--------+--------+--------+-----+--------+

Top non-repeatable levels by time:
     D:2: 1743 daAuts
     D:4: 1225 daAuts
   Sewer: 1016 daAuts
     D:1: 970 daAuts
     D:5: 775 daAuts
     D:3: 756 daAuts
